 Dungeon Crawl Stone Soup version 0.31-a0-222-gefeffbb62a (webtiles) character file.

Game seed: 34577089236172102

1127 qw the Skirmisher (level 8, -2/68 HPs)
             Began as a Minotaur Hexslinger on July 4, 2023.
             Was a Follower of Okawaru.
             Slain by a yak (10 damage)
             ... on level 5 of the Dungeon.
             The game lasted 00:01:40 (4069 turns).

qw the Skirmisher (Minotaur Hexslinger)             Turns: 4069, Time: 00:01:40

Health: -2/68      AC:  7    Str: 13    XL:     8   Next: 13%
Magic:  8/10       EV: 18    Int: 10    God:    Okawaru [*.....]
Gold:   221        SH:  5    Dex: 15    Spells: 8/9 levels left

rFire   . . .        e - +0 shortbow
rCold   . . .        (shield currently unavailable)
rNeg    . . .        f - +0 ring mail
rPois   .            (helmet restricted)
rElec   .            h - +0 cloak
rCorr   .            (no gloves)
SInv    .            (no boots)
Will    .....        c - amulet of reflection
Stlth   ++           b - +5 ring of evasion
HPRegen 0.31/turn    (no ring)
MPRegen 0.12/turn

%: reflection
@: about to teleport, heroic
A: horns 2, retaliatory headbutt
a: Renounce Religion, Heroism


You were on level 5 of the Dungeon.
You worshipped Okawaru.
Okawaru was aware of your devotion.
You visited 1 branch of the dungeon, and saw 5 of its levels.

You collected 221 gold pieces.


Innate Abilities, Weirdness & Mutations

You have a pair of horns on your head.
You reflexively headbutt those who attack you in melee.


   Skills:
 - Level 5.0(10.0) Fighting
 + Level 8.1(13.1) Ranged Weapons
 - Level 2.2(7.2) Armour
 - Level 2.1(7.1) Dodging
 - Level 1.0 Spellcasting
 - Level 2.0 Hexes
 - Level 4.0 Invocations


You had 8 spell levels left.
You knew the following spells:

 Your Spells              Type           Power      Damage    Failure   Level
a - Slow                  Hex            16%        N/A       28%         1

Your spell library contained the following spells:

 Spells                   Type           Power      Damage    Failure   Level
 Inner Flame              Hex/Fire       2%         N/A       78%         3
 Portal Projectile        Hex/Tloc       4%         N/A       78%         3
 Cause Fear               Hex            2%         N/A       96%         4

Inventory:

Hand Weapons
 e - a +0 shortbow (weapon)
Armour
 f - a +0 ring mail (worn)
 h - a +0 cloak (worn)
 j - a +0 pair of gloves
Jewellery
 b - a +5 ring of evasion (left hand)
 c - an amulet of reflection (around neck)
Scrolls
 d - 2 scrolls of identify
Potions
 g - a potion of haste {unknown}
 i - a potion of cancellation
 k - a potion of curing

Dungeon Overview and Level Annotations

Branches:
Dungeon (5/15)             Temple (0/1) D:4

Altars:
Elyvilon
Okawaru
Yredelemnul


Message History

The hound is heavily wounded.
The yak gores you! The hound misses you.
You shoot an arrow. The arrow barely misses the hound.
You block the hound's attack. The yak gores you!
You shoot an arrow. The arrow closely misses the hound.
The hound closely misses you. The yak closely misses you.
You furiously retaliate!
You headbutt the yak! The hound completely misses you.
You shoot an arrow. The arrow hits the hound.
The hound is almost dead.
The hound misses you. The yak closely misses you.
You shoot an arrow. The arrow misses the hound.
The hound bites you.
You shoot an arrow. The arrow hits the hound!
You kill the hound!
Okawaru accepts your kill. The yak misses you. You furiously retaliate!
You headbutt the yak. The ogre completely misses you. You furiously retaliate!
You headbutt the ogre, but do no damage.
Your Invocations skill increases to level 4!
You shoot an arrow.
The arrow hits the yak but does no damage.
The yak is moderately wounded.
The yak completely misses you. You furiously retaliate!
You headbutt the yak! The ogre completely misses you.
You shoot an arrow. The arrow barely misses the yak.
You block the yak's attack.
You shoot an arrow. The arrow hits the yak!
The yak is severely wounded.
The yak closely misses you.
The ogre hits you with a +0 giant club!!
4068 ||| READING scroll of teleportation.
As you read the scroll of teleportation, it crumbles to dust.
You feel strangely unstable. The yak closely misses you.
You shoot an arrow.
The arrow hits the yak but does no damage.
The yak is severely wounded.
The ogre barely misses you. You furiously retaliate!
You headbutt the ogre! The yak gores you!
You die...

........# .# #.#
#.#.##### .. #.# .<...#
##### #.# #.#.## .....#
#.# #..## ......# #.#
..## .......## #.. ###
........## # ......%..##
# ......Y@..# #
......O...# #
..~.......### >#
..........'.# ###.#
¤.........%.########.<.#
¤.~.......#.##.....#...#
¤.........#..#.###.#...#
..........#....# #......
........##..#.###......


You could see a yak and an ogre.

Vanquished Creatures
  An ice beast (D:5)
  An ogre (D:4)
  A centaur (D:5)
  A phantom (D:4)
  A scorpion (D:5)
  4 wights (D:4)
  A killer bee (D:5)
  6 hounds
  A jelly (D:5)
  Jessica (D:3)
  An iguana (D:5)
  Robin (D:4)
  12 adders
  2 gnolls (D:1)
  2 dart slugs (D:3)
  2 orcs
  3 ball pythons
  6 endoplasms
  3 giant cockroaches
  17 goblins
  10 hobgoblins
  4 jackals (D:5)
  8 quokkas
  6 bats
  2 frilled lizards (D:1)
  7 kobolds
  7 rats
111 creatures vanquished.

Notes
Turn   | Place    | Note
-------+----------+-------------------------------------------
     0 | D:1      | qw the Minotaur Hexslinger began the quest for the Orb.
     0 | D:1      | Reached XP level 1. HP: 16/16 MP: 1/1
     0 | D:1      | 0 ||| qw: Version: 0.3-a-46-gb1f654a
     0 | D:1      | 0 ||| qw: Game counter: 863
     0 | D:1      | 0 ||| qw: Melee chars always use a shield: true
     0 | D:1      | 0 ||| qw: God list: Okawaru
     0 | D:1      | 0 ||| qw: Allow faded altars: false
     0 | D:1      | 0 ||| qw: Do Orc after clearing Dungeon:15 true
     0 | D:1      | 0 ||| qw: Do second Lair branch before Depths: true
     0 | D:1      | 0 ||| qw: Lair rune preference: random
     0 | D:1      | 0 ||| qw: Goals: Normal
     0 | D:1      | 0 ||| PLANNING D:1-11
    32 | D:1      | Reached skill level 3 in Ranged Weapons
    32 | D:1      | Reached XP level 2. HP: 23/23 MP: 2/2
   248 | D:1      | Reached XP level 3. HP: 26/29 MP: 3/3
   337 | D:1      | Reached skill level 4 in Ranged Weapons
   668 | D:1      | 668 ||| UPGRADING to +0 ring mail.
   678 | D:1      | 678 ||| DROPPING +0 robe.
   679 | D:1      | 679 ||| READING 2 scrolls labelled QIXOPIRHIL.
   682 | D:1      | 682 ||| READING scroll labelled GIASIOBRUXT.
   683 | D:1      | 683 ||| READING scroll labelled CURPHI GIST.
   784 | D:1      | 784 ||| READING scroll labelled INISCH JUGO.
   785 | D:1      | 785 ||| DROPPING scroll of poison.
   949 | D:2      | Reached skill level 1 in Armour
   957 | D:2      | Reached XP level 4. HP: 34/36 MP: 4/4
  1316 | D:2      | Found an iron altar of Okawaru.
  1317 | D:2      | 1317 ||| PLANNING OKAWARU WORSHIP
  1317 | D:2      | 1317 ||| UPGRADING to amulet of reflection.
  1322 | D:2      | 1322 ||| UPGRADING to +5 ring of evasion.
  1334 | D:2      | Became a worshipper of Warmaster Okawaru
  1335 | D:2      | 1335 ||| PLANNING D:1-11
  1577 | D:2      | 1577 ||| READING 3 scrolls labelled VANUUKHIASM.
  1578 | D:2      | 1578 ||| READING 2 scrolls of brand weapon.
  1578 | D:2      | 1578 ||| BRANDING +1 sling of draining.
  1579 | D:2      | 1579 ||| READING scroll of brand weapon.
  1579 | D:2      | 1579 ||| BRANDING +1 sling of freezing.
  1580 | D:2      | 1580 ||| READING scroll labelled WUPSOA NOME.
  1762 | D:3      | Reached skill level 5 in Ranged Weapons
  2122 | D:3      | Noticed Jessica
  2124 | D:3      | Reached skill level 3 in Fighting
  2124 | D:3      | Reached XP level 5. HP: 45/45 MP: 5/5
  2125 | D:3      | 2125 ||| Stepping ~*~*~tactically~*~*~ (outnumbered).
  2134 | D:3      | Killed Jessica
  2289 | D:3      | 2289 ||| UPGRADING to +0 cloak.
  2294 | D:3      | 2294 ||| READING scroll labelled WESTRI QOIFEFF.
  2295 | D:3      | 2295 ||| READING scroll labelled VOOZEMYVOK.
  2296 | D:3      | 2296 ||| DRINKING 2 bubbling yellow potions.
  2297 | D:3      | 2297 ||| READING 5 scrolls of identify.
  2297 | D:3      | 2297 ||| IDENTIFYING ruby potion
  2298 | D:3      | 2298 ||| READING 4 scrolls of identify.
  2298 | D:3      | 2298 ||| IDENTIFYING viscous black potion
  2299 | D:3      | 2299 ||| DROPPING potion of attraction.
  2300 | D:3      | 2300 ||| DROPPING potion of ambrosia.
  2350 | D:4      | Noticed Robin
  2355 | D:4      | Killed Robin
  2384 | D:4      | Found a staircase to the Ecumenical Temple.
  2442 | D:4      | Noticed a phantom
  2459 | D:4      | Killed a phantom
  2460 | D:4      | Reached skill level 6 in Ranged Weapons
  2460 | D:4      | Reached XP level 6. HP: 36/51 MP: 6/6
  2624 | D:4      | Found a white marble altar of Elyvilon.
  2655 | D:4      | HP: 11/50 [wight/+4 dagger (5)]
  2655 | D:4      | HP: 5/48 [wight/+2 battleaxe of flaming (1)]
  2656 | D:4      | 2656 ||| READING 2 scrolls of teleportation.
  2656 | D:4      | Reached * piety under Okawaru
  2657 | D:4      | 2657 ||| INVOKING Heroism.
  2660 | D:4      | Reached skill level 1 in Invocations
  2866 | D:4      | Found a basalt altar of Yredelemnul.
  2904 | D:4      | 2904 ||| INVOKING Heroism.
  2913 | D:4      | Reached skill level 7 in Ranged Weapons
  3029 | D:4      | 3029 ||| INVOKING Heroism.
  3036 | D:4      | Reached XP level 7. HP: 59/59 MP: 4/7
  3230 | D:4      | 3230 ||| READING scroll labelled GIONNI JEIPISI.
  3324 | D:4      | 3324 ||| READING 3 scrolls of identify.
  3324 | D:4      | 3324 ||| IDENTIFYING glowing orange potion
  3325 | D:4      | 3325 ||| READING 2 scrolls of identify.
  3325 | D:4      | 3325 ||| IDENTIFYING fizzy blue potion
  3326 | D:4      | 3326 ||| DROPPING potion of lignification.
  3342 | D:5      | Entered Level 5 of the Dungeon
  3447 | D:5      | Reached skill level 8 in Ranged Weapons
  3497 | D:5      | 3497 ||| SWAPPING to +0 shortbow.
  3498 | D:5      | 3498 ||| INVOKING Heroism.
  3527 | D:5      | 3527 ||| DROPPING +1 sling of flaming.
  3591 | D:5      | Reached skill level 3 in Invocations
  4003 | D:5      | Reached XP level 8. HP: 54/68 MP: 9/9
  4056 | D:5      | 4056 ||| INVOKING Heroism.
  4067 | D:5      | HP: 7/68 [ogre/+0 giant club (31)]
  4068 | D:5      | 4068 ||| READING scroll of teleportation.
  4069 | D:5      | Slain by a yak

Levels and vault maps discovered:
D:1:      moated_graveyard_arrival, layout_loops_ring
D:2:      layout_basic, basic_altar, minmay_misc_feat_tiny
D:3:      layout_loops_ring, kennysheep_decorative_pillar,
          kennysheep_jessica_study
D:4:      layout_cave_pools, kennysheep_ying_yang, temple_pool_b,
          due_unseen_surprise, uniq_robin
D:5:      kennysheep_big_flooded_room, layout_loops_ring, solitary_fountain,
          chequers_serial_rivers_small_a, pf_guarded_unrand_woodcutter

Skill      XL: |  1  2  3  4  5  6  7  8 |
---------------+-------------------------+-----
Ranged Weapons | 3 4 5 6 7 8 |  8.1
Fighting       | 2 3 4 5 |  5.0
Armour         | 1 2 |  2.2
Invocations    | 1 3 4 |  4.0
Dodging        | |  2.1
Spellcasting   | |  1.0
Hexes          | |  2.0

Action                     |  1- 3 |  4- 6 |  7- 9 || total
---------------------------+-------+-------+-------++-------
   Fire: Sling             |   103 |   170 |    27 ||   300
         Shortbow          |       |       |    90 ||    90
 Invoke: Heroism           |       |     3 |     2 ||     5
    Use: Scroll            |     4 |     9 |     4 ||    17
         Potion            |       |     1 |       ||     1
 Armour: Robe              |     6 |       |       ||     6
         Ring mail         |     2 |    14 |    17 ||    33
  Dodge: Dodged            |    18 |    53 |    66 ||   137
  Block: Other             |       |    12 |    22 ||    34
         Reflection        |       |     1 |       ||     1

Table legend:
 A = Non-vault XP
 B = Vault XP
 C = Vault XP percentage of total XP
 D = Non-vault monster count
 E = Vault monster count
 F = Vault count percentage of total count
                 A         B        C        D         E       F
            +---------+---------+-------+---------+---------+-------
      Total |    1470 |     141 |   8.8 |      96 |      15 |  13.5
            +---------+---------+-------+---------+---------+-------
        D:1 |      71 |       0 |   0.0 |      28 |       0 |   0.0
        D:2 |      62 |       0 |   0.0 |      16 |       0 |   0.0
        D:3 |      65 |      39 |  37.5 |      15 |       2 |  11.8
        D:4 |     608 |      36 |   5.6 |      18 |      12 |  40.0
        D:5 |     664 |      66 |   9.0 |      19 |       1 |   5.0
            +---------+---------+-------+---------+---------+-------
